 Dungeon Crawl Stone Soup version 0.27-a0-46-g34d46f0a3f (webtiles) character file.

Game seed: 15555067302866473701

93 nuthulu the Skirmisher (level 4, 0/30 HPs)
             Began as a Gargoyle Fighter on Jan 6, 2021.
             Slain by a worm (4 damage)
             ... on level 3 of the Dungeon.
             The game lasted 00:02:48 (2357 turns).

nuthulu the Skirmisher (Gargoyle Fighter)           Turns: 2357, Time: 00:02:48

Health: 0/30       AC: 11    Str: 19    XL:     4   Next: 61%
Magic:  4/4        EV:  7    Int:  9    God:
Gold:   112        SH:  9    Dex: 10    Spells: 3/3 levels left

rFire    . . .     SeeInvis .   a - +1 flail
rCold    . . .     Faith    .   c - +0 kite shield
rNeg     + . .     Spirit   .   b - +0 scale mail
rPois    ∞         Reflect  .   e - +0 helmet
rElec    +         Harm     .   k - scarf {repulsion}
rCorr    .         Rampage  .   (no gloves)
Will     .....                  (no boots)
Stlth    ..........             l - amulet of inaccuracy (curse)
HPRegen  0.10/turn              (no ring)
MPRegen  0.09/turn              (no ring)

@: repel missiles
A: negative energy resistance 1, electricity resistance, unbreathing,
petrification resistance, miasma immunity, AC +3
a: no special abilities


You were on level 3 of the Dungeon.
You visited 1 branch of the dungeon, and saw 3 of its levels.

You collected 112 gold pieces.

Inventory:

Hand Weapons
 a - a +1 flail (weapon)
Armour
 b - a +0 scale mail (worn)
 c - a +0 kite shield (worn)
 e - a +0 helmet (worn)
 k - a scarf of repulsion (worn)
Jewellery
 l - a cursed amulet of inaccuracy (around neck)
Potions
 d - a potion of might
 f - a potion of cancellation
 g - 2 potions of attraction {unknown}
 h - a potion of lignification {unknown}
 i - 2 potions of curing
 j - a potion of haste {unknown}


   Skills:
 + Level 4.6 Fighting
 + Level 3.5 Maces & Flails
 - Level 3.2 Armour
 - Level 3.2 Shields


You had 3 spell levels left.
You didn't know any spells.
Your spell library was empty.

Dungeon Overview and Level Annotations

Branches:
Dungeon (3/15)

Altars:
Zin


Innate Abilities, Weirdness & Mutations

You are resistant to torment.
Your stone body is resilient. (AC +3)
You are immune to poison.
You resist negative energy. (rN+)
You are resistant to electric shocks. (rElec)
You can survive without breathing.
You are immune to petrification.
You are immune to miasma.


Message History

The worm bites you but does no damage.
You completely miss something.
Something hits you but does no damage. x2
Your scale mail prevents you from hitting something.
You block the worm's attack. Something hits you but does no damage.
Unknown command.
Unknown command.
You barely miss something. Something hits you. You block the worm's attack.
You hit something.
Reactivating autopickup.
You feel a bit more experienced. The worm bites you but does no damage.
You closely miss the orc. You block the orc's attack.
The orc completely misses you.
You hit the orc.
The orc is lightly wounded.
You block the orc's attack. The worm bites you!
* * * LOW HITPOINT WARNING * * *
You sock the worm!
The worm is severely wounded.
The orc hits you but does no damage. The worm bites you.
You die...

... #.. #.# #.# #o# #o#
#o# #@# #w#
#.############### #.#
#.#.............# #..##
#.#.###########.# ..w..
#(#.# #.# ......#.#.#
#.#
......#.#.###########.#
###...#.#.#...........#


You could see a worm and 3 orcs.

Vanquished Creatures
  An orc wizard (D:3)
  2 oozes
  2 dart slugs (D:2)
  2 leopard geckos
  4 giant cockroaches
  6 goblins
  4 hobgoblins
  4 jackals (D:1)
  6 bats
  5 frilled lizards
  A jackal skeleton (D:2)
  9 kobolds
  8 rats
54 creatures vanquished.

Vanquished Creatures (others)
  8 plants (D:2)
8 creatures vanquished.

Grand Total: 62 creatures vanquished

Notes
Turn   | Place    | Note
-------+----------+-------------------------------------------
     0 | D:1      | nuthulu the Gargoyle Fighter began the quest for the Orb.
     0 | D:1      | Reached XP level 1. HP: 14/14 MP: 1/1
   253 | D:1      | Reached XP level 2. HP: 19/19 MP: 2/2
   416 | D:1      | Reached XP level 3. HP: 24/24 MP: 3/3
   432 | D:1      | Reached skill level 4 in Fighting
  1541 | D:2      | Found a glowing silver altar of Zin.
  1909 | D:2      | Reached XP level 4. HP: 30/30 MP: 4/4
  2357 | D:3      | Slain by a worm

Illustrated notes

Levels and vault maps discovered:
D:1:      elethiomel_arrival_infinity_welcomes_careful_drivers, layout_basic
D:2:      layout_basic, general_overflow_altar, serial_glass, glass_columns_c,
          glass_columns_a, corner_web_ring, lexackson_kobold_supper
D:3:      layout_basic, ebering_ghost_inner_flame, roderic_serpentine_path,
          uniq_crazy_yiuf_cottage, uniq_grinder

Skill      XL: |  1  2  3 |
---------------+----------+-----
Fighting       | 4 |  4.6
Maces & Flails | 3 |  3.5
Armour         | |  3.2
Shields        | |  3.2

Action                   |  1- 3 |  4- 6 || total
-------------------------+-------+-------++-------
Melee: Flail             |   135 |    75 ||   210
  Use: Scroll            |     6 |     1 ||     7
Armor: Scale mail        |    65 |    44 ||   109
Dodge: Dodged            |    47 |    20 ||    67
       Repelled          |     1 |       ||     1
Block: Kite shield       |    78 |    32 ||   110

Table legend: (Time is in decaauts)
 A = Elapsed time spent in this place.
 B = Non-inter-level travel time spent in this place.
 C = Inter-level travel time spent in this place.
 D = Time resting spent in this place.
 E = Time spent auto-exploring this place.
 F = Levels seen in this place.
 G = Mean time per level.
                   A        B        C        D        E       F      G
               +--------+--------+--------+--------+--------+-----+--------+
         Total |   2425 |   2305 |    120 |    177 |   1567 |   3 |  808.3 |
       Dungeon |   2425 |   2305 |    120 |    177 |   1567 |   3 |  808.3 |
               +--------+--------+--------+--------+--------+-----+--------+

Top non-repeatable levels by time:
     D:1: 1333 daAuts
     D:2: 967 daAuts
     D:3: 124 daAuts
